 Dungeon Crawl Stone Soup version 0.30-a0-883-g5ad918d77d (webtiles) character file.

Game seed: 17097319676560950710

37 112233 the Magician (level 3, -5/16 HPs)
             Began as a Spriggan Air Elementalist on Mar 17, 2023.
             Slain by Natasha (9 damage)
             ... on level 2 of the Dungeon.
             The game lasted 00:01:27 (1318 turns).

112233 the Magician (Spriggan Air Elementalist)     Turns: 1318, Time: 00:01:28

Health: -5/16      AC:  2    Str:  8    XL:     3   Next: 23%
Magic:  4/9        EV: 17    Int: 17    God:
Gold:   93         SH:  0    Dex: 14    Spells: 9/10 levels left

rFire   . . .      SeeInvis +    d - +1 shortbow (freeze)
rCold   . . .      Faith    .    (shield currently unavailable)
rNeg    . . .      Spirit   .    a - +0 robe
rPois   .          Reflect  .    (helmet restricted)
rElec   .          Rampage  .    (no cloak)
rCorr   .                        (gloves unavailable)
Will    .....                    (boots unavailable)
Stlth   ++                       (no amulet)
HPRegen 0.22/turn                (no ring)
MPRegen 0.11/turn                (no ring)

@: very slightly contaminated, unable to drink, very quick
A: very small, no large weapons, unfitting armour, see invisible, speed 3,
strong 1, inability to drink after injury 1
a: no special abilities


You were on level 2 of the Dungeon.
You visited 1 branch of the dungeon, and saw 2 of its levels.

You collected 93 gold pieces.

Inventory:

Hand Weapons
 d - a +1 shortbow of freezing (weapon)
Armour
 a - a +0 robe (worn)
 c - a +0 cloak
Scrolls
 f - a scroll of brand weapon {unknown}
 g - 2 scrolls of immolation {unknown}
 h - a scroll of amnesia {unknown}
 j - a scroll of teleportation {unknown}
 l - a scroll of fog {unknown}
 m - 2 scrolls of blinking {unknown}
Potions
 b - a potion of magic
 i - a potion of lignification {unknown}
 k - a potion of attraction {unknown}


   Skills:
 - Level 2.6 Dodging
 - Level 3.0 Stealth
 * Level 4.1 Spellcasting
 - Level 0.6 Conjurations
 + Level 3.1 Air Magic


You had 9 spell levels left.
You knew the following spells:

 Your Spells              Type           Power      Damage    Failure   Level
a - Shock                 Conj/Air       36%        1d5       7%          1

Your spell library contained the following spells:

 Spells                   Type           Power      Damage    Failure   Level
 Static Discharge         Conj/Air       18%        2-3/arc   11%         2
 Swiftness                Air            14%        N/A       13%         3
 Airstrike                Air            7%         2d(1-17)  38%         4
 Inner Flame              Hex/Fire       3%         N/A       43%         3
 Flame Wave               Conj/Fire      4%         2d5       80%         4
 Sticky Flame             Conj/Fire      4%         2d3       80%         4


Dungeon Overview and Level Annotations

Branches:
Dungeon (2/15)

Altars:

Shops:
D:2 *

Annotations:
D:2 Natasha, Terence


Innate Abilities, Weirdness & Mutations

You are very small and have problems with some larger weapons.
You are too small for most types of armour.
You have supernaturally acute eyesight. (SInv)
You cover ground extremely quickly. (Speed+++)
Your muscles are strong. (Str +4, Int/Dex -1)
You occasionally lose the ability to drink potions when taking damage.


Message History

Aim: Natasha (severely wounded, 60% to hit)
The zap misses Natasha.
Natasha drinks a potion.
Natasha is healed!
Unknown command.
Unknown command.
Casting: Shock (safe; 7% risk of failure)
Confirm with . or Enter, or press ? or * to list all spells.
Aiming: Shock (safe; 7% risk of failure)
Press: ? - help, Shift-Dir - straight line, f/p - Natasha
Aim: Natasha (60% to hit)
You miscast Shock.
You are very lightly contaminated with residual magic.
Nothing appears to happen.
Natasha completely misses you.
Unknown command.
Unknown command.
Casting: Shock (safe; 7% risk of failure)
Confirm with . or Enter, or press ? or * to list all spells.
Aiming: Shock (safe; 7% risk of failure)
Press: ? - help, Shift-Dir - straight line, f/p - Natasha
Aim: Natasha (60% to hit)
The zap hits Natasha.
Natasha is moderately wounded.
Natasha stares at you and mumbles some strange words.
The magic dart hits you.
* * * LOW HITPOINT WARNING * * *
Casting: Shock (safe; 7% risk of failure)
Confirm with . or Enter, or press ? or * to list all spells.
Aiming: Shock (safe; 7% risk of failure)
Press: ? - help, Shift-Dir - straight line, f/p - Natasha
Aim: Natasha (moderately wounded, 60% to hit)
The zap hits Natasha.
Natasha is moderately wounded.
Natasha misses you.
Unknown command.
It was a potion of mutation.
You feel extremely strange.
You feel stronger.
You occasionally lose the ability to drink potions when taking damage.
Natasha claws you!
You feel threatened and lose the ability to drink potions!
Ouch! That really hurt!
You die...

#.###.##... #.#
###'##... #.# #........
. #.# #........ .. ###.#
#........ ...#
...##.###.##.## ....
.†............
..##..#####.##........#.
..>..$h@................
......#####.#...##.##.#.
...## #.##........[. #
#.#####.#.......#...
........#...........
....................
..####...∩.###.##...
#.....####.##...
#...............


You could see Natasha.

Vanquished Creatures
  3 dart slugs
  4 endoplasms
  6 goblins
  2 hobgoblins (D:1)
  2 kobolds (D:1)
  2 quokkas (D:1)
  4 ball pythons
  A bat (D:1)
  A frilled lizard (D:1)
  4 rats
29 creatures vanquished.

Notes
Turn   | Place    | Note
-------+----------+-------------------------------------------
     0 | D:1      | 112233 the Spriggan Air Elementalist began the quest for
                  | the Orb.
     0 | D:1      | Reached XP level 1. HP: 9/9 MP: 5/5
   102 | D:1      | Found a faded altar of an unknown god.
   222 | D:1      | Reached skill level 3 in Spellcasting
   293 | D:1      | Reached XP level 2. HP: 10/13 MP: 2/7
  1023 | D:2      | Reached skill level 4 in Spellcasting
  1023 | D:2      | Reached XP level 3. HP: 16/16 MP: 5/9
  1262 | D:2      | Noticed Terence
  1287 | D:2      | Found Iblet's Assorted Antiques.
  1309 | D:2      | Noticed Natasha
  1318 | D:2      | Gained mutation: Your muscles are strong. (Str +4, Int/Dex
                  | -1) [potion of mutation]
  1318 | D:2      | Gained mutation: You occasionally lose the ability to drink
                  | potions when taking damage. [potion of mutation]
  1318 | D:2      | Slain by Natasha

Illustrated notes

Levels and vault maps discovered:
D:1:      scummos_arrival_hexagon, layout_loops_ring,
          hellmonk_ecumenical_altar_inner_sanctum, minmay_hexomino_c4
D:2:      layout_basic, serial_shops, shop, uniq_crazy_yiuf_cottage,
          uniq_natasha, uniq_terence

Skill      XL: |  1  2 |
---------------+-------+-----
Spellcasting   | 3 4 |  4.1
Air Magic      | 3 |  3.1
Dodging        | |  2.6
Stealth        | |  3.0
Conjurations   | |  0.6

Action                     || total
---------------------------++-------
   Fire: Shortbow          ||    51
   Cast: Shock             ||    34
    Use: Potion            ||     1
 Armour: Robe              ||     2
  Dodge: Dodged            ||    22

Table legend: (Time is in decaauts)
 A = Elapsed time spent in this place.
 B = Non-inter-level travel time spent in this place.
 C = Inter-level travel time spent in this place.
 D = Time resting spent in this place.
 E = Time spent auto-exploring this place.
 F = Levels seen in this place.
 G = Mean time per level.
                   A        B        C        D        E       F      G
               +--------+--------+--------+--------+--------+-----+--------+
         Total |   1047 |   1040 |      7 |    232 |    634 |   2 |  523.5 |
       Dungeon |   1047 |   1040 |      7 |    232 |    634 |   2 |  523.5 |
               +--------+--------+--------+--------+--------+-----+--------+

Top non-repeatable levels by time:
     D:1: 794 daAuts
     D:2: 252 daAuts
